[Event "*** Titled Tuesday Blitz"]
[Site "Chess.com"]
[Date "2020.11.10"]
[Round "2"]
[White "Harsha_Bharathakoti"]
[Black "SamuelGhimpu2003"]
[Result "1/2-1/2"]
[WhiteElo "2820"]
[BlackElo "2552"]
[TimeControl "180+1"]
[EndTime "10:21:28 PST"]
[Termination "Game drawn by repetition"]

1. f4 d5 2. Nf3 Nh6 3. g3 Bg4 4. Bg2 Nf5 5. O-O Nc6 6. d3 h5 7. e4 dxe4 8. dxe4 Qxd1 9. Rxd1 Bxf3 10. Bxf3 Nfd4 11. Rxd4 Nxd4 12. Bd1 O-O-O 13. c3 Nc6 14. Bb3 e6 15. Be3 Na5 16. Kf2 Nxb3 17. axb3 a6 18. Ke2 h4 19. g4 h3 20. Nd2 Be7 21.
Nf3 c5 22. Ne5 Rhf8 23. Nd3 b6 24. Rxa6 Kb7 25. Ra1 Ra8 26. Rg1 Kc6 27. Rg3 f6 28. Rg1 Rh8 29. Kd2 Bd6 30. c4 g5 31. e5 gxf4 32. Bxf4 fxe5 33. Nxe5+ Kc7 34. Nd3 Bxf4+ 35. Nxf4 Kd6 36. Ke3 Ra2 37. Rd1+ Kc6 38. Rd2 Rg8 39. Kf3 e5 40. Nd5 Rf8+ 41. Ke4 Rf1 42. g5 Ra7 43. Ne3 Rg1 44. Kf5 Rg7 45. Rd8 R1xg5+ 46. Ke4 Rg2 47.
Rc8+ Kb7 48. Rh8 Rxh2 49. Nd5 Rh1 50. Kxe5 h2 51. Kd6 Rg2 52. Rh7+ Ka6 53. Nc7+ Ka5 54.
Nd5 Ka6 55. Nc7+ Kb7 56. Nd5+ Kc8 57. Nxb6+ Kb8 58. Nd7+ Ka8 59. Nb6+ Kb8 60. Nd7+ Ka8 61. Nb6+ Kb8 1/2-1/2

[Event "*** Titled Tuesday Blitz"]
[Site "Chess.com"]
[Date "2020.11.10"]
[Round "2"]
[White "TheKingDoctor"]
[Black "LimeInTheCoconut"]
[Result "0-1"]
[WhiteElo "2107"]
[BlackElo "2393"]
[TimeControl "180+1"]
[EndTime "10:21:30 PST"]
[Termination "LimeInTheCoconut won by checkmate"]

1. e4 c6 2. d4 d5 3. exd5 cxd5 4. c4 Nf6 5. Nc3 Nc6 6. Nf3 Bg4 7. Bd3 Bxf3 8.
gxf3 dxc4 9. Bxc4 Qxd4 10. Qxd4 Nxd4 11. O-O a6 12. Kg2 e6 13. Be3 Nc6 14. Rad1 Be7 15. Bb6 Nd7 16. Be3 Rd8 17. Rfe1 Nde5 18. Be2 O-O 19. Ne4 Rxd1 20. Rxd1 Rd8 21. Rc1 Nd3 22. Rb1 f5 23. Nc3 Kf7 24. a3 Rd7 25. Na4 b5 26.
Nb6 Rd8 27. a4 g5 28. axb5 axb5 29. Rd1 Nce5 30. f4 gxf4 31. Bc1 Rg8+ 32. Kf1 Nxc1 33. Rxc1 f3 34. Bxb5 Rb8 35. Nc4 Rxb5 36. Nxe5+ Rxe5 37. Rc3 Rb5 38. b3 Kf6 39. Rxf3 e5 40. Rh3 Kg6 41. Ke2 e4 42. Rg3+ Kf6 43. Rc3 Ke5 44. h3 Bg5 45.
Rc7 h6 46. Rc3 Rd5 47. b4 Rd2+ 48. Ke1 Rb2 49. Rc4 Kf4 50. Kf1 Bf6 51. Ke1 Kf3 52. Rc6 Bg5 53. Rc3+ e3 54. fxe3 Bxe3 55. Kd1 Rxb4 56.
Rd3 Rd4 57. Kc2 Rxd3 58. Kxd3 Bf2 59. Kd2 f4 60. Kd1 Kg3 61. Kd2 f3 62. Kc2 Bd4 63. Kd3 Bf6 64. Ke4 Bh4 65. Ke3 f2 66. Ke2 Kxh3 67.
Kf1 Kg4 68. Kg2 Kf4 69. Kf1 Ke3 70. Kg2 Ke2 71. Kh3 f1=Q+ 72. Kxh4 Qf6+ 73. Kh5 Qg5# 0-1

[Event "*** Titled Tuesday Blitz"]
[Site "Chess.com"]
[Date "2020.11.10"]
[Round "2"]
[White "nochewycandy"]
[Black "Zkid"]
[Result "0-1"]
[WhiteElo "2525"]
[BlackElo "2760"]
[TimeControl "180+1"]
[EndTime "10:21:32 PST"]
[Termination "Zkid won by resignation"]

1. e4 e6 2. d4 d5 3. Bd3 dxe4 4.
Bxe4 Nf6 5. Bf3 c5 6. Ne2 Nc6 7. Be3 cxd4 8. Nxd4 Ne5 9. Nc3 a6 10. Qe2 Nxf3+ 11. gxf3 Be7 12. O-O-O Qa5 13. Nb3 Qh5 14.
Rhg1 O-O 15. Rg5 Qh4 16. Rdg1 g6 17. Ne4 Nxe4 18. R5g4 Qh5 19. fxe4 e5 20. Rxg6+ Qxg6 21. Rxg6+ hxg6 22. f4 exf4 23. Bxf4 Bf6 24. e5 Re8 25. Nd4 Bg7 26. h4 Be6 27. Qh2 Rad8 28. c3 Bg4 29. Qg3 Bh5 30. e6 fxe6 31. Be5 Bh6+ 32. Kc2 Rd7 33. Qh3 Rd5 34. Qg3 Rd7 35. Qh3 Rf7 36. a4 Rf2+ 37. Kb3 Bc1 38. Nxe6 Rxb2+ 39. Kc4 Rb6 40.
Bf4 Rbxe6 41. Bxc1 Rc6+ 42. Kb4 Rec8 43. Bd2 Bd1 44.
Qd7 R8c7 45. Qd8+ Kf7 46. Qd5+ Kg7 47. Bh6+ Kxh6 48. Qxd1 Rc4+ 49. Kb3 Rxc3+ 50. Kb4 R3c4+ 51. Ka5 R4c5+ 52. Kb6 R5c6+ 53. Ka7 b5+ 54. Kb8 bxa4 55. Qd2+ Kh7 56. Qd3 Rg7 57. h5 Rf6 58. hxg6+ Rgxg6 59. Qh3+ Kg7 60. Qd7+ Rf7 61. Qd4+ Kg8 62. Kc8 Re6 63. Qg4+ Kf8 64. Qxe6 a5 65. Qd6+ Kg8 66. Qg3+ Rg7 67. Qd6 Rf7 68. Qe6 Kg7 69. Qe5+ Kg8 70. Qxa5 Rf8+ 71. Kd7 Rf7+ 72. Ke6 Rg7 73. Qxa4 Kh7 74. Qh4+ Kg6 75. Qg4+ Kh6 76. Qh5+ Kxh5 0-1

[Event "*** Titled Tuesday Blitz"]
[Site "Chess.com"]
[Date "2020.11.10"]
[Round "2"]
[White "biostatistician"]
[Black "VitaliyBernadskiy"]
[Result "1-0"]
[WhiteElo "2533"]
[BlackElo "2734"]
[TimeControl "180+1"]
[EndTime "10:21:33 PST"]
[Termination "biostatistician won on time"]

1. d4 Nf6 2. Nf3 g6 3. c4 Bg7 4. Nc3 O-O 5. e4 d6 6. Be2 Na6 7.
Bg5 h6 8. Bh4 c6 9. O-O Nh5 10.
Ne1 Nf4 11. Bf3 g5 12. Bg3 Qb6 13. Bxf4 gxf4 14. Ne2 e5 15. b3 Nc7 16. Nd3 Ne6 17. c5 Qd8 18. cxd6 exd4 19. e5 Ng5 20. Nexf4 f6 21.
Ng6 fxe5 22. Nxf8 Qxf8 23. Re1 Qxd6 24. Rc1 Bf5 25. Nc5 d3 26. Nxb7 Qb4 27. Rc4 Nxf3+ 28.
gxf3 Qxb7 29. Qd2 Rf8 30. Rc5 Bg6 31. Kh1 Qf7 32. Re3 e4 33. fxe4 Bd4 34. Rg3 Bxc5 35. Qxh6 Qh7 36. Rxg6+ Kh8 37. Qg5 Be7 38. Qe5+ Bf6 39.
Rxf6 Rxf6 40. Qxf6+ Kg8 41. Qd8+ Kf7 42. Qxd3 Ke6 43. Qc4+ Ke5 44. Qc5+ Kf4 45. Qxc6 Qg7 46. Qc1+ Kxe4 47. Qe3+ Kd5 48. Qf3+ Ke6 49. Qe4+ Kd6 50. Qf4+ Kd5 51. h4 Qa1+ 52. Kh2 Qxa2 53. Qf3+ Ke5 54. h5 Qd2 55. Qe3+ Qxe3 56. fxe3 Kf5 57. Kg3 Kg5 58.
Kf3 1-0

[Event "*** Titled Tuesday Blitz"]
[Site "Chess.com"]
[Date "2020.11.10"]
[Round "2"]
[White "maxip32"]
[Black "Make_it_shine060"]
[Result "1-0"]
[WhiteElo "2408"]
[BlackElo "2154"]
[TimeControl "180+1"]
[EndTime "10:21:33 PST"]
[Termination "maxip32 won by checkmate"]

1. e4 c5 2. Nf3 d6 3. d4 cxd4 4. Nxd4 Nf6 5. Nc3 Nc6 6. Be2 e6 7. O-O Be7 8. Be3 O-O 9. f4 Bd7 10. Nb3 a6 11. a4 Rb8 12. a5 Nb4 13. Bf3 Bc6 14. Nd4 d5 15. e5 Nd7 16. Nce2 Bb5 17. Nxb5 axb5 18. Nd4 Nc6 19. Nxb5 Nxa5 20. Bd4 Nc6 21.
Be3 Ra8 22. Qd2 Na5 23. b3 Nc6 24. Nd4 Bc5 25. c3 Qb6 26. b4 Bxd4 27. Bxd4 Nxd4 28.
cxd4 Rac8 29. Be2 Ra8 30. Rab1 Ra4 31. Rfd1 Rfa8 32. Rb2 Nb8 33. b5 Nd7 34. g3 Ra3 35.
Kg2 Qa5 36. Qxa5 R8xa5 37. Rc1 Ra8 38. Rc7 Nf8 39. Rxb7 R3a4 40. Rd2 Ra2 41. Rxa2 Rxa2 42. Kf3 Ra3+ 43. Kf2 Ra4 44. Ke3 Ra3+ 45. Bd3 g6 46. b6 Rb3 47. Rb8 Kg7 48. Kd2 Nd7 49. Rb7 Nxb6 50.
Kc2 Rb4 51. Kc3 Rb1 52. Bxb1 Na4+ 53. Kb4 Nb2 54. Bc2 Nd1 55. Bxd1 h5 56. Bb3 Kh6 57. Kc5 h4 58. Bxd5 exd5 59. Kxd5 hxg3 60.
hxg3 Kh5 61. Ke4 Kg4 62. Rxf7 Kxg3 63. Rg7 Kh4 64. Rxg6 Kh5 65. Rg1 Kh6 66. f5 Kh7 67. f6 Kh8 68. f7 Kh7 69. Rg2 Kh8 70. f8=Q+ Kh7 71. Qg7# 1-0

[Event "*** Titled Tuesday Blitz"]
[Site "Chess.com"]
[Date "2020.11.10"]
[Round "2"]
[White "PavelShkapenko"]
[Black "indfraeng"]
[Result "1/2-1/2"]
[WhiteElo "2662"]
[BlackElo "2377"]
[TimeControl "180+1"]
[EndTime "10:21:34 PST"]
[Termination "Game drawn by stalemate"]

1. e4 e5 2. Nf3 Nc6 3. Bc4 Bc5 4. c3 Nf6 5. d4 exd4 6. cxd4 Bb4+ 7. Bd2 Bxd2+ 8.
Nbxd2 d5 9. exd5 Nxd5 10. O-O O-O 11. Rc1 Nce7 12. Re1 c6 13. h3 h6 14. Ne4 Bf5 15. Ng3 Bh7 16. Ne5 Ng6 17. Qf3 Ngf4 18. Nh5 Nxh5 19.
Qxh5 Qd6 20. Qf3 Rad8 21. Rcd1 Qf6 22. Qb3 Nb6 23. Re3 Nxc4 24. Qxc4 Bf5 25. Rf3 Qe6 26. Qb4 Be4 27. Re3 Qd5 28. f3 c5 29. fxe4 Qxe5 30. Qxb7 Rxd4 31. Rde1 Rb4 32. Qxa7 Rxb2 33. R3e2 Rfb8 34.
Qa6 Rxe2 35. Qxe2 Rb2 36. Qf3 Rxa2 37. Rf1 Ra7 38. Qb3 Re7 39. Qc4 Qd4+ 40. Qxd4 cxd4 41. Re1 f5 42. e5 Kf7 43. Rd1 Rd7 44. Re1 Ke6 45.
Kf2 Rd5 46. Kf3 Rxe5 47. Rb1 Rd5 48. Ke2 d3+ 49. Kd2 Ke5 50. Rb4 g5 51. Rb6 Rd6 52. Rxd6 Kxd6 53. Kxd3 Ke5 54. Ke3 h5 55. Kf3 h4 56.
Ke3 g4 57. hxg4 fxg4 58. Ke2 Kf4 59. Kf2 g3+ 60. Ke2 Kg4 61. Kf1 h3 62. Kg1 hxg2 63.
Kxg2 Kf4 64. Kg1 Kf3 65. Kf1 g2+ 66. Kg1 Kg3 1/2-1/2

[Event "*** Titled Tuesday Blitz"]
[Site "Chess.com"]
[Date "2020.11.10"]
[Round "2"]
[White "Ajedrez_con_German"]
[Black "SHIVACalypso"]
[Result "1-0"]
[WhiteElo "2548"]
[BlackElo "2300"]
[TimeControl "180+1"]
[EndTime "10:21:34 PST"]
[Termination "Ajedrez_con_German won by resignation"]

1. Nf3 e6 2. d4 Nf6 3. Bf4 d5 4. e3 Bd6 5. Bg3 O-O 6. Bd3 c5 7. c3 Nc6 8. Ne5 Qc7 9. f4 Ne4 10. Nd2 Nxd2 11. Qxd2 f6 12. Nxc6 Qxc6 13. O-O Bd7 14. Qc2 f5 15. Qe2 b5 16. Be1 c4 17.
Bc2 a5 18. Bd2 b4 19. g4 Be8 20. Kh1 Bg6 21. Rg1 bxc3 22. Bxc3 Bb4 23. Rg2 Bxc3 24.
bxc3 Rab8 25. Rag1 Rb2 26. Qe1 Kh8 27. h4 Rxc2 28.
Rxc2 fxg4 29. Rb2 Be4+ 30. Kh2 Bf3 31. Qb1 Qd6 32. Kg3 Qa3 33. Rb8 h5 34. Qb2 Qd6 35.
Rxf8+ Qxf8 36. Rb1 Qf5 37. Qb8+ Kh7 38. Re1 Qc2 39.
Qb1 Be4 40. Qxc2 Bxc2 41. Re2 Bb3 42. Rb2 Bd1 43. Rb5 a4 44. Rb6 Kg6 45. a3 Kf5 46.
Rb7 Ke4 47. Rxg7 Kxe3 48. Rg5 Kd3 49. Rxh5 Kxc3 50. Re5 Kxd4 51. Rxe6 c3 52. f5 c2 53.
Rc6 Kd3 54. f6 Kd2 55. f7 Be2 56. Rxc2+ Kxc2 57. f8=Q Bd3 58. Qc5+ Kd2 59. Kxg4 d4 60. Qxd4 Ke2 61. Qxa4 1-0

[Event "*** Titled Tuesday Blitz"]
[Site "Chess.com"]
[Date "2020.11.10"]
[Round "2"]
[White "albi1999"]
[Black "AlexeiShirov"]
[Result "1-0"]
[WhiteElo "2548"]
[BlackElo "2785"]
[TimeControl "180+1"]
[EndTime "10:21:36 PST"]
[Termination "albi1999 won by resignation"]

1. d4 d5 2. Nf3 Nf6 3. c4 c6 4. Qb3 dxc4 5. Qxc4 Bg4 6. Nbd2 Nbd7 7. g3 Qa5 8. Bg2 e5 9. dxe5 Nxe5 10. Nxe5 Qxe5 11. O-O Bd6 12. Qb3 Rb8 13. Nc4 Be6 14.
Nxe5 Bxb3 15. Nxc6 bxc6 16. Bxc6+ Ke7 17. axb3 Bc5 18.
Ra5 Bb6 19. Ra4 Rbc8 20. Bf3 Rc2 21. Rd1 Rhc8 22. Bf4 Rxb2 23. b4 h6 24. Bd6+ Ke6 25. Bc5 Bxc5 26. bxc5 Rxc5 27. Rxa7 g5 28. Ra6+ Ke7 29.
Ra7+ Ke6 30. h3 h5 31. Ra6+ Ke7 32. Rdd6 g4 33. Rxf6 gxf3 34. Rxf3 Rxe2 35. Ra7+ Kd6 36. Raxf7 Rc1+ 37. Kg2 Ree1 38. R3f6+ Ke5 39. Rf5+ Ke4 40.
Rf4+ Kd5 41. R7f5+ Ke6 42. Rxh5 Rg1+ 43. Kf3 Rc3+ 44. Kg4 Rf1 45. Ra5 Rc2 46. Raf5 Rd2 47. h4 Ke7 48. h5 Rh1 49. Kg5 Rd8 50. Rf7+ Ke6 51. Rg7 Rh8 52. Rg6+ Ke5 53. h6 Rh2 54. Rf7 Ke4 55. Re6+ Kd5 56. Ref6 Ke4 57. g4 Ke5 58. Rf5+ Ke4 59. f4 Kf3 60. R5f6 Rg2 61. Kf5 Rxg4 62. Ke6 Rh4 63. f5 Kf4 64. Ke7 Ke5 65. Re6+ Kf4 66. Rg6 R4xh6 67. Rxh6 Rxh6 68. f6 Kf5 69. Rf8 Rh7+ 70.
f7 Kg6 71. Rg8+ 1-0

[Event "*** Titled Tuesday Blitz"]
[Site "Chess.com"]
[Date "2020.11.10"]
[Round "2"]
[White "youngKID"]
[Black "FMKonstantin_Twitch"]
[Result "1-0"]
[WhiteElo "2833"]
[BlackElo "2548"]
[TimeControl "180+1"]
[EndTime "10:21:37 PST"]
[Termination "youngKID won by resignation"]

1. d4 Nf6 2. Nf3 g6 3. Bg5 Bg7 4. Nbd2 d5 5. e3 O-O 6. Bd3 c5 7. c3 Nc6 8. O-O Qb6 9. Qb3 Re8 10. Rfd1 e5 11. dxe5 Nxe5 12. Nxe5 Rxe5 13. Bf4 Re8 14. Qxb6 axb6 15. Bc7 Nd7 16. Bb5 Be5 17. Bxb6 Re6 18. Bxd7 Rxb6 19. Bxc8 Rxc8 20. Rab1 Ra8 21. a3 Bf6 22.
Kf1 d4 23. exd4 cxd4 24. cxd4 Ra4 25. Nf3 Kg7 26. Rd3 h5 27. b4 Rba6 28. Rbb3 Rc6 29. Rbc3 Rd6 30. Ke2 Ra8 31. Kd1 Rad8 32. Rc4 g5 33.
Kc2 g4 34. Nd2 b5 35. Rc5 Rxd4 36. Rxd4 Bxd4 37. Rxh5 Rc8+ 38. Kd3 Bxf2 39. Rxb5 Bg1 40. Rg5+ Kf6 41. Ne4+ Ke6 42. Rxg4 Ra8 43. Kc4 f5 44.
Rg6+ Ke5 45. Nd2 Kf4 46. Kb3 Bxh2 47. a4 Bg1 48. a5 Rd8 49. Nc4 Rd3+ 50. Kc2 Rd4 51.
Kc3 Rd1 52. b5 Rc1+ 53. Kd3 Rd1+ 54. Kc2 Rd4 55. Kc3 Rd1 56. b6 Rb1 57. a6 Ra1 58. b7 Ba7 59. Kb2 Ra4 60. Kb3 Ra1 61. Na3 Ke3 62. Nb5 Bb8 63. Kc4 Ra4+ 64. Kd5 Kf2 65. a7 Bxa7 66. Nxa7 Rb4 67. Rg7 f4 68. Nc6 Rb5+ 69. Kc4 1-0

[Event "*** Titled Tuesday Blitz"]
[Site "Chess.com"]
[Date "2020.11.10"]
[Round "2"]
[White "Beltraxtor"]
[Black "Radzio1987"]
[Result "1/2-1/2"]
[WhiteElo "2545"]
[BlackElo "2808"]
[TimeControl "180+1"]
[EndTime "10:21:37 PST"]
[Termination "Game drawn by repetition"]

1. e4 c6 2. d4 d5 3. Nd2 dxe4 4. Nxe4 Nd7 5. Bd3 Ngf6 6. c3 Nxe4 7. Bxe4 Nf6 8. Bc2 Bg4 9. Nf3 e6 10. O-O Bd6 11. Qe2 Qc7 12. h3 Bh5 13. Bg5 Nd5 14.
c4 Nf4 15. Qe3 h6 16. Bh4 Ng6 17. Bg3 Bxg3 18. fxg3 Qxg3 19. d5 Nf4 20. Qd2 O-O 21.
d6 c5 22. Kh1 Rad8 23. Ng1 e5 24. Be4 f5 25. Bxb7 Rf6 26. d7 Kh7 27. Rae1 Re6 28. Rxf4 Re7 29. Rxf5 Rdxd7 30. Qe3 Qxe3 31. Rxe3 Bg6 32.
Be4 Rd4 33. Rxe5 Rxe5 34. Bxg6+ Kxg6 35. Rxe5 Rxc4 36. Nf3 Rc2 37. a3 Kf6 38. Kh2 g5 39. Kg3 a5 40. Rd5 a4 41. Rd6+ Kf5 42. Rb6 h5 43. Ra6 g4 44. hxg4+ hxg4 45. Ne1 Re2 46. Nd3 Re3+ 47. Kh2 Rxd3 48. Rxa4 g3+ 49. Kh3 Ke5 50. Rc4 Kd5 51. Rg4 Rb3 52. Rxg3 Rxb2 53. Rc3 Kd4 54.
Rg3 c4 55. Rg8 Rb3+ 56. Kh4 c3 57. Rd8+ Ke3 58. Rc8 Kd2 59. g4 c2 60. Rxc2+ Kxc2 61. g5 Kd3 62. g6 Ke4 63. Kg5 Rg3+ 64. Kf6 Rf3+ 65. Ke6 Rg3 66. Kf6 Kd5 67. g7 Kd6 68.
Kf7 Rf3+ 69. Kg6 Rg3+ 70. Kf7 Rf3+ 71. Kg6 Rg3+ 72. Kf7 1/2-1/2

[Event "*** Titled Tuesday Blitz"]
[Site "Chess.com"]
[Date "2020.11.10"]
[Round "2"]
[White "valeriocarnicelli"]
[Black "dropstoneDP"]
[Result "0-1"]
[WhiteElo "2567"]
[BlackElo "2911"]
[TimeControl "180+1"]
[EndTime "10:21:40 PST"]
[Termination "dropstoneDP won by resignation"]

1. e4 g6 2. d4 Bg7 3. Nc3 a6 4. Be3 b5 5. f3 Bb7 6. h4 h5 7. Nh3 d6 8. Ng5 Nd7 9. a4 b4 10. Bc4 e6 11. Ne2 Qe7 12. Nf4 Ngf6 13. Bxe6 Rf8 14.
Bxf7+ Rxf7 15. Nxg6 Qd8 16. Qd2 Nf8 17. Nxf7 Kxf7 18.
Nxf8 Qxf8 19. Qxb4 Rb8 20. Qb3+ Kg6 21. Qd3 Kf7 22.
O-O-O Qe8 23. Qc4+ d5 24. Qxc7+ Kg8 25. e5 Nh7 26. Rh3 Nf8 27. Rg3 Ne6 28. Qa5 Kh8 29.
f4 Qf7 30. Qd2 Bc6 31. Qd3 Rf8 32. Rf1 Qf5 33. Qxf5 Rxf5 34. b3 Kh7 35. Kd2 Bh6 36. Rgf3 Be8 37. g3 Ng7 38. a5 Bg6 39. c4 Rf8 40.
cxd5 Be4 41. R3f2 Bxd5 42. f5 Bxe3+ 43. Kxe3 Rb8 44. Rb2 Rb4 45. Kd3 Kg8 46. Kc3 Rb8 47.
b4 Rf8 48. f6 Ne6 49. b5 Rc8+ 50. Kd2 axb5 51. Rxb5 Be4 52. d5 Nd4 53. Rb4 Nf3+ 54. Ke3 Bxd5 55. Rxf3 Kf7 56. Kd4 Bxf3 57. Rb6 Rc1 58.
e6+ Kxf6 59. a6 Ra1 60. Ke3 Bg4 61. Kf4 Bxe6 62. Ke3 Ra4 63. Kf3 Ke5 64. Ke3 Ra3+ 65. Kf2 Bg4 66. Rb5+ Kd4 67. Rb6 Ra2+ 68. Kg1 Ke3 69.
Rf6 Bf3 70. g4 hxg4 71. h5 g3 0-1

[Event "*** Titled Tuesday Blitz"]
[Site "Chess.com"]
[Date "2020.11.10"]
[Round "2"]
[White "GukeshDommaraju"]
[Black "AldokhinIvan"]
[Result "1-0"]
[WhiteElo "2862"]
[BlackElo "2558"]
[TimeControl "180+1"]
[EndTime "10:21:42 PST"]
[Termination "GukeshDommaraju won by resignation"]

1. d4 Nf6 2. Nf3 g6 3. c4 Bg7 4.
Nc3 d6 5. e4 O-O 6. Be2 Nc6 7.
O-O Re8 8. d5 Nb4 9. a3 Na6 10.
Be3 e6 11. dxe6 Bxe6 12. Bd4 Bg4 13. h3 Bd7 14. Bd3 Nb8 15. Re1 Nc6 16. Be3 Nh5 17. Rc1 Ne5 18. Bf1 Nxf3+ 19. Qxf3 Bc6 20. g4 Bxc3 21. Rxc3 Bxe4 22. Qd1 Ng7 23. Bh6 Qf6 24. g5 Qf4 25. Bxg7 Kxg7 26. Qd4+ Re5 27. Bg2 Re8 28.
Rxe4 c5 29. Rxf4 cxd4 30. Rxd4 Rxg5 31. Rxd6 Re1+ 32. Kh2 Re2 33. Rf3 Rxb2 34. Rd7 Rf5 35. Rxf5 gxf5 36. Rxb7 Rxf2 37. Kg3 Rc2 38. Bd5 Kg6 39.
Bxf7+ Kg5 40. Bd5 f4+ 41. Kf3 Rc3+ 42. Ke2 Rxa3 43. Rxh7 Kf5 44. Rf7+ Ke5 45. h4 a5 46.
h5 Rh3 47. Ra7 Kd4 48. Rxa5 Rxh5 49. Kf3 Rf5 50. Ra7 Rf6 51. Rf7 Rd6 52. Kxf4 Kc5 53. Re7 Ra6 54. Ke5 Ra5 55. Re6 Ra3 56. Rc6+ Kb4 57. Kd6 Rc3 58. c5 Rd3 59. Rb6+ Ka5 60. Rb8 Rd2 61. c6 Rc2 62. c7 Ka4 63. Bc6+ Ka3 64. c8=Q Rd2+ 65. Kc7 1-0

[Event "*** Titled Tuesday Blitz"]
[Site "Chess.com"]
[Date "2020.11.10"]
[Round "2"]
[White "Fins0905"]
[Black "Sofiia_Hryzlova"]
[Result "0-1"]
[WhiteElo "2617"]
[BlackElo "2303"]
[TimeControl "180+1"]
[EndTime "10:21:42 PST"]
[Termination "Sofiia_Hryzlova won by resignation"]

1. Nf3 d5 2. g3 Nf6 3. Bg2 b6 4. c4 Bb7 5. cxd5 Nxd5 6. d4 e6 7. O-O Be7 8. Re1 O-O 9. e4 Nf6 10. Nc3 Na6 11. Bf4 c5 12. Qe2 cxd4 13. Rad1 Nc5 14.
Nxd4 Qc8 15. Ndb5 a6 16. Bd6 axb5 17. Bxe7 b4 18. Bxf8 Qxf8 19. e5 Bxg2 20. Kxg2 bxc3 21. exf6 Rxa2 22. fxg7 Qa8+ 23. Qf3 Qxf3+ 24. Kxf3 c2 25. Rd8+ Kxg7 26. Rc1 Rxb2 27. Rc8 Rb3+ 28. Ke2 Rc3 29. f3 b5 30. Rb8 Nb3 31. Rxc2 Rxc2+ 32. Ke3 Rxh2 33.
Rxb5 Nc1 34. g4 Re2+ 35. Kf4 Nd3+ 36. Kg3 Re5 37. Rb3 Nc5 38. Rb5 Nd7 39. Rb7 Nf6 40. Rb1 Rd5 41. Kf4 Kg6 42. Rh1 h6 43. Kg3 Rg5 44.
Rb1 Rd5 45. Kf4 Rd3 46. Kg3 Rd4 47. Kf2 Rd3 48. Ke2 Ra3 49. Kf2 Nd5 50. Kg3 e5 51.
Rb5 Rd3 52. Ra5 f6 53. Ra8 Nf4 54. Rg8+ Kf7 55. Ra8 Kg7 56. Ra7+ Kg6 57. Ra8 Rd2 58. Rg8+ Kf7 59. Ra8 Rg2+ 60. Kh4 Rh2+ 61. Kg3 Rh3+ 62. Kf2 Rh2+ 63. Kg3 Rg2+ 64. Kh4 Rg1 65. Ra7+ Kg6 66.
Ra8 Rh1+ 67. Kg3 Ne2+ 68. Kf2 Nd4 69. Kg2 Rd1 70. Rg8+ Kf7 71. Rh8 Rd2+ 72. Kg3 Kg7 73. Rd8 Rd3 74. Rd7+ Kg6 75. Kh4 Nxf3+ 76. Kg3 Rxd7 0-1

[Event "*** Titled Tuesday Blitz"]
[Site "Chess.com"]
[Date "2020.11.10"]
[Round "2"]
[White "Sven_Tica"]
[Black "MrChampion_Coach"]
[Result "0-1"]
[WhiteElo "2689"]
[BlackElo "2496"]
[TimeControl "180+1"]
[EndTime "10:21:43 PST"]
[Termination "MrChampion_Coach won by resignation"]

1. d4 Nf6 2. c4 e6 3. g3 d5 4. Bg2 dxc4 5. Qa4+ Bd7 6. Qxc4 Bc6 7.
Nf3 Bd5 8. Qd3 Nc6 9. a3 Be4 10. Qd1 Nxd4 11. Qa4+ Bc6 12. Qxd4 Qxd4 13. Nxd4 Bxg2 14.
Rg1 Bd5 15. Nb5 Bd6 16. Bf4 e5 17. Bg5 Bc6 18. N1c3 a6 19. Nxd6+ cxd6 20. Bxf6 gxf6 21. e4 Ke7 22. Ke2 Rac8 23. g4 Bb5+ 24. Ke3 Bc4 25.
Rad1 Rc6 26. Rd2 Rhc8 27. f3 Rb6 28. Rgd1 Be6 29. Kf2 Rcc6 30. Kg3 Rb3 31. Re2 b5 32. Rdd2 a5 33. h4 Rc5 34. h5 b4 35. axb4 axb4 36. Nd1 d5 37. exd5 Rxd5 38. Rxd5 Bxd5 39. Re3 Rxe3 40.
Nxe3 Be6 41. Kf2 Kd6 42. Ke2 Kc5 43. Kd3 Bd5 44. Ke2 Bc4+ 45. Kd2 Bd5 46. Ke2 Ba2 47.
Nf5 Bb1 48. Ng7 Kc4 49. Ne8 Kb3 50. Nxf6 Kxb2 51. Nd7 e4 52. f4 b3 53. Nc5 Kc3 54. Na4+ Kd4 55. Nc5 Bd3+ 56. Kd2 e3+ 57. Kc1 b2+ 58.
Kxb2 e2 59. Nxd3 Kxd3 60. g5 e1=Q 61. g6 Qc3+ 0-1

[Event "*** Titled Tuesday Blitz"]
[Site "Chess.com"]
[Date "2020.11.10"]
[Round "2"]
[White "malakismayil"]
[Black "Tomekas1"]
[Result "1/2-1/2"]
[WhiteElo "2241"]
[BlackElo "2439"]
[TimeControl "180+1"]
[EndTime "10:21:44 PST"]
[Termination "Game drawn by repetition"]

1. e4 c5 2. Nf3 g6 3. d4 cxd4 4. Nxd4 Bg7 5. Nc3 Nc6 6. Nxc6 bxc6 7. Bc4 Nf6 8. O-O Nxe4 9. Nxe4 d5 10. Bd3 dxe4 11.
Bxe4 Bd7 12. Qf3 Qc8 13. c3 O-O 14. Bg5 Re8 15. h3 Rb8 16. Rab1 Qa6 17. a3 f6 18. Be3 f5 19. Bc2 e5 20. Bc5 Qc4 21. Bd6 Rb7 22. Rfd1 h6 23. Qe3 Kh7 24. b3 Qe6 25. Bc5 e4 26. f3 exf3 27. Qxf3 Qf7 28. c4 Qe6 29. Bf2 Qe2 30. Bd3 Qxf3 31. gxf3 f4 32. b4 Bxh3 33.
Be4 Rc7 34. Rd6 Re6 35. Rbd1 Be5 36. Rd7+ Re7 37. Rxc7 Rxc7 38. Rd8 Kg7 39. Re8 Bb2 40. a4 h5 41. Bc5 g5 42. Rd8 Bf6 43. Re8 Bd7 44.
Bd6 Rb7 45. Ra8 g4 46. b5 Bd4+ 47. Kg2 gxf3+ 48. Kxf3 Bg4+ 49. Kxf4 Rf7+ 50. Kg3 cxb5 51. axb5 Bf2+ 52. Kg2 h4 53. Bd5 h3+ 54. Kh2 Rf5 55. Bg3 Bc5 56. Be6 Rg5 57. Bxg4 Rxg4 58.
Kxh3 Rxc4 59. Be5+ Kf7 60. Rc8 Ke6 61. Bb8 Rc3+ 62.
Kg4 Rc4+ 63. Kf3 Kd5 64. Rd8+ Ke6 65. Rc8 Rc3+ 66. Ke4 Re3+ 67. Kf4 Rc3 68. Ke4 Re3+ 69. Kf4 Rc3 70. Ke4 1/2-1/2

[Event "*** Titled Tuesday Blitz"]
[Site "Chess.com"]
[Date "2020.11.10"]
[Round "2"]
[White "asms9699"]
[Black "Sanan_Sjugirov"]
[Result "1/2-1/2"]
[WhiteElo "2565"]
[BlackElo "2826"]
[TimeControl "180+1"]
[EndTime "10:21:45 PST"]
[Termination "Game drawn by stalemate"]

1. c4 Nf6 2. g3 e6 3. Bg2 d5 4.
Nf3 dxc4 5. Qa4+ Nbd7 6. Qxc4 c5 7. Qb3 Rb8 8. a4 b6 9. d3 Bd6 10. Na3 a6 11. Nc4 Bc7 12. Bd2 O-O 13. O-O Bb7 14.
Rfc1 b5 15. axb5 axb5 16. Na5 Bd5 17. Qd1 Ra8 18. Qe1 b4 19. Nc4 Rxa1 20. Rxa1 Bxc4 21. dxc4 Ne5 22. b3 Nxf3+ 23. Bxf3 Be5 24. Rd1 Qa5 25.
Bg5 Qa2 26. Rd3 h6 27. Be3 Rc8 28. Qd2 Qa5 29. Kg2 Kh7 30. Qc2 Kg8 31. h4 Kf8 32.
Qd2 Ke7 33. Bf4 Bxf4 34. Qxf4 Qc7 35. Qe3 Nd7 36. Rd1 Rd8 37. Ra1 Ne5 38. Ra6 Kf8 39. Qf4 Ke7 40. Rc6 Qb8 41. Rxc5 Nd7 42. Qxb8 Rxb8 43. Rc7 Kd8 44. Ra7 Nc5 45. Rxf7 Nxb3 46.
Rxg7 Nc5 47. Bh5 b3 48. Rg8+ Kc7 49. Rxb8 Kxb8 50. Bg6 Kc7 51. g4 Kd6 52. f4 e5 53.
fxe5+ Kxe5 54. Kf3 b2 55. g5 hxg5 56. hxg5 Ne6 57. Bb1 Nxg5+ 58. Ke3 Ne6 59. Kd3 Nf4+ 60. Kd2 Ne6 61. e3 Kd6 62. Kc3 Kc5 63. Bd3 b1=Q 64.
Bxb1 Ng7 65. Bd3 Ne8 66. Be2 Nd6 67. Kd2 Nxc4+ 68. Bxc4 Kxc4 69. Ke2 Kd5 70. Kf3 Ke5 71. e4 Ke6 72. Kf4 Kf6 73. e5+ Ke6 74. Ke4 Ke7 75. Kf5 Kf7 76. e6+ Ke7 77. Ke5 Ke8 78.
Kf6 Kf8 79. e7+ Ke8 80. Ke6 1/2-1/2

[Event "*** Titled Tuesday Blitz"]
[Site "Chess.com"]
[Date "2020.11.10"]
[Round "2"]
[White "anon102030"]
[Black "ShahMatKanal"]
[Result "1-0"]
[WhiteElo "2732"]
[BlackElo "2501"]
[TimeControl "180+1"]
[EndTime "10:21:47 PST"]
[Termination "anon102030 won by checkmate"]

1. e4 c6 2. d3 g6 3. Nd2 Bg7 4. g3 e5 5. Bg2 Ne7 6. Ne2 O-O 7.
O-O d5 8. b3 a5 9. a4 Na6 10.
Bb2 Bg4 11. h3 Be6 12. f4 Qd7 13. Kh2 dxe4 14. Nxe4 Nd5 15. Qc1 exf4 16. Nxf4 Nxf4 17. Rxf4 f5 18. Ng5 Bd5 19. Bxg7 Kxg7 20. Qb2+ Rf6 21. Nxh7 Qf7 22. Qxf6+ Qxf6 23. Nxf6 Kxf6 24. Raf1 Nc7 25.
R4f2 Bxg2 26. Kxg2 Nd5 27. Re1 b5 28. Rfe2 Kf7 29. axb5 cxb5 30. Re5 Nc3 31. Re7+ Kf6 32. R1e6+ Kg5 33. h4+ Kg4 34. Rxg6+ Kh5 35. Rg5+ Kh6 36. Re6+ Kh7 37. Rxf5 a4 38. bxa4 bxa4 39. Rf7+ Kg8 40. Rf1 a3 41. Rc6 Nd5 42. Ra1 a2 43. Kf3 Kf7 44. g4 Nb4 45. Rc4 Nd5 46. g5 Ke6 47.
h5 Kf5 48. Rc5 Ke6 49. Rxd5 Kxd5 50. g6 Ke6 51. Kg4 Kf6 52. c4 Ra4 53. Kf4 Ra5 54. Ke4 Rxh5 55. Rxa2 Kxg6 56. Ra6+ Kf7 57. d4 Ke7 58. c5 Kd7 59. Kd3 Rh1 60. Kc4 Rc1+ 61. Kd5 Rh1 62. Ra7+ Kc8 63. Kc6 Rh6+ 64. Kb5 Rh1 65.
d5 Rh6 66. d6 Rh1 67. Kc6 Kb8 68. Rb7+ Ka8 69. Rg7 Re1 70. Rg8+ Ka7 71. d7 Rd1 72. d8=Q Rxd8 73. Rxd8 Ka6 74. Ra8# 1-0